 Dungeon Crawl Stone Soup version 0.31-a0-167-g1c394c0614 (webtiles) character file.

Game seed: 15733218351165236546

85540 Maxmaps the Fencer (level 15, -4/129 HPs)
             Began as a Demonspawn Monk on June 15, 2023.
             Was an Initiate of Gozag.
             Slain by an enormous slime creature (37 damage)
             ... on level 15 of the Dungeon.
             The game lasted 00:33:52 (23222 turns).

Maxmaps the Fencer (Demonspawn Monk)               Turns: 23222, Time: 00:33:52

Health: -4/129     AC: 29    Str: 13    XL:     15   Next: 38%
Magic:  15/15      EV:  9    Int: 17    God:    Gozag
Gold:   1431       SH:  5    Dex: 16    Spells: 14/14 levels left

rFire   . . .        t - +11 Singing Sword {sonic wave}
rCold   + + +        T - +0 buckler
rNeg    . . .        z - +1 ice dragon scales
rPois   .            i - +2 helmet
rElec   .            h - +0 cloak
rCorr   .            g - +0 pair of gloves
SInv    .            H - +2 pair of boots
Will    +....        P - amulet of regeneration Stlth
                     O - ring of protection from cold
HPRegen 1.21/turn    q - ring of protection from fire
MPRegen 0.14/turn

%: no passive effects
@: gold aura
A: molten scales 2, foul stench 1, spiny 2, demonic touch 2
a: Renounce Religion, Potion Petition, Call Merchant, Bribe Branch


You were on level 15 of the Dungeon.
You worshipped Gozag.
Gozag was most pleased with you.
You visited 4 branches of the dungeon, and saw 23 of its levels.
You also visited: Bailey, Ice Cave and Volcano.

You collected 7497 gold pieces.
You spent 2250 gold pieces at shops.
You paid 3816 gold pieces to Gozag.

Inventory:

Hand Weapons
 m - a +0 triple sword of flaming
 t - the +11 Singing Sword (weapon) {sonic wave}
   (You found it on level 4 of the Dungeon)
 M - the +6 long sword "Racis" {venom, SInv}
   (You took it off a kobold in a bailey)

   SInv:      It lets you see invisible.
 X - a +4 scimitar of flaming
Missiles
 v - 3 throwing nets
Armour
 g - a +0 pair of gloves (worn)
 h - a +0 cloak (worn)
 i - a +2 helmet (worn)
 r - a +3 chain mail of fire resistance
 z - +1 ice dragon scales (worn)
 H - a +2 pair of boots (worn)
 T - a +0 buckler (worn)
Jewellery
 d - a ring of protection from cold
 q - a ring of protection from fire (right hand)
 y - a ring of see invisible
 D - a ring of resist corrosion
 I - the ring of Pyromania {rN+ Int+6}
   (You found it on level 5 of the Dungeon)

   [ring of intelligence]

   Int:       It affects your intelligence (+6).
   rN:        It protects you from negative energy.
 O - a ring of protection from cold (left hand)
 P - an amulet of regeneration (around neck)
 Y - a ring of flight
Wands
 b - a wand of digging (14)
 s - a wand of iceblast (1)
 A - a wand of flame (59)
 F - a wand of polymorph (5)
 J - a wand of paralysis (9)
 U - a wand of mindburst (3)
Scrolls
 a - 2 scrolls of fear
 e - 6 scrolls of teleportation
 j - 3 scrolls of immolation
 l - 4 scrolls of enchant armour
 o - 4 scrolls of enchant weapon
 B - 2 scrolls of butterflies
 L - 5 scrolls of blinking
 Q - a scroll of vulnerability
 R - 2 scrolls of revelation
 S - 2 scrolls of torment
 W - a scroll of amnesia
 Z - 2 scrolls of fog
Potions
 c - 13 potions of enlightenment
 f - 2 potions of heal wounds
 k - 4 potions of lignification
 n - 5 potions of degeneration
 p - 2 potions of ambrosia
 u - 2 potions of mutation
 w - 6 potions of brilliance
 x - 6 potions of curing
 C - a potion of haste
 E - 2 potions of attraction
 G - 4 potions of might
 N - a potion of invisibility
 V - 2 potions of magic


   Skills:
 - Level 15.1 Fighting
 - Level 16.1 Long Blades
 - Level 14.2 Armour
 + Level 2.7 Dodging
 - Level 4.2 Shields


You had 14 spell levels left.
You didn't know any spells.
Your spell library contained the following spells:

 Spells                   Type           Power      Damage    Failure   Level
 Freeze                   Ice            0%         1d3       77%         1
 Necrotise                Necr           0%         1d4       77%         1
 Sting                    Tmut/Pois      0%         1d3       77%         1
 Poisonous Vapours        Pois/Air       0%         N/A       88%         2
 Static Discharge         Conj/Air       0%         2-2/arc   88%         2
 Call Canine Familiar     Summ           0%         N/A       98%         3
 Frozen Ramparts          Ice            0%         1d1       98%         3
 Gell's Gravitas          Tloc           0%         N/A       98%         3
 Hailstorm                Conj/Ice       0%         3d3       98%         3
 Portal Projectile        Hex/Tloc       0%         N/A       98%         3
 Teleport Other           Tloc           0%         N/A       98%         3
 Vampiric Draining        Necr           0%         2d6       98%         3
 Vhi's Electric Charge    Tloc/Air       0%         N/A       98%         3
 Airstrike                Air            0%         2d(0-16)  100%        4
 Anguish                  Hex/Necr       0%         N/A       100%        4
 Cause Fear               Hex            0%         N/A       100%        4
 Leda's Liquefaction      Hex/Erth       0%         N/A       100%        4
 Olgreb's Toxic Radiance  Pois           0%         N/A       100%        4
 Petrify                  Tmut/Erth      0%         N/A       100%        4
 Summon Lightning Spire   Summ/Air       0%         N/A       100%        4
 Agony                    Necr           0%         N/A       100%        5
 Arcjolt                  Conj/Air       0%         1d10      100%        5
 Borgnjor's Vile Clutch   Necr/Erth      0%         N/A       100%        5
 Metabolic Englaciation   Hex/Ice        0%         N/A       100%        5
 Summon Forest            Summ/Tloc      0%         N/A       100%        5
 Death Channel            Necr           0%         N/A       100%        6
 Dispersal                Tloc           0%         N/A       100%        6
 Eringya's Noxious Bog    Tmut/Pois      0%         N/A       100%        6
 Statue Form              Tmut/Erth      0%         N/A       100%        6
 Enfeeble                 Hex            0%         N/A       100%        7
 Ozocubu's Refrigeration  Ice            0%         4d7       100%        7
 Summon Hydra             Summ           0%         N/A       100%        7
 Maxwell's Capacitive Co  Air            0%         ∞         100%        8
 Chain Lightning          Conj/Air       0%         N/A       100%        9
 Fire Storm               Conj/Fire      0%         5d1       100%        9
 Polar Vortex             Ice            0%         N/A       100%        9
 Shatter                  Erth           0%         3d5*      100%        9
 Animate Dead             Necr           Unusable   N/A       N/A         4
 Simulacrum               Ice/Necr       Unusable   N/A       N/A         6

Dungeon Overview and Level Annotations

Branches:
Dungeon (15/15)            Temple (1/1) D:6            Lair (5/5) D:10
 Shoals (0/4) Lair:3        Snake (0/4) Lair:2        Slime (0/5) Lair:5
    Orc (2/2) D:11         Vaults (0/5) D:13         Bailey (visited)
  IceCv (visited)         Volcano (visited)
    Elf: Orc:2       Depths: D:15

Altars:
Ashenzari
Cheibriados
Dithmenos
Fedhas
Gozag
Hepliaklqana
Kikubaaqudgha
Makhleb
Nemelex Xobeh
Okawaru
Qazlal
Ru
Sif Muna
Trog
Uskayaw
Vehumet
Wu Jian
Xom
Yredelemnul
Jiyva

Shops:
D:7 *   D:11 =?*[   D:14 [

Annotations:
Orc:2 2 runed translucent doors, iguanaiguana's ghost, journeyman SpDe


Innate Abilities, Weirdness & Mutations

You are mostly covered in molten scales. (AC +3)
You may rarely emit foul miasma when damaged in melee.
You are mostly covered in sharp spines.
Your touch may inflict irresistible damage on your foes.


Message History

Two slime creatures merge to form a very large slime creature.
You block the slime creature's attack.
There are monsters nearby!
You barely miss the slime creature.
The slime creature is almost dead.
The slime creature is struck by your spines.
You kill the slime creature!
A slime creature comes into view.
The slime creature quivers.
You see here 6 gold pieces.
You slice the very large slime creature!!
The very large slime creature is moderately wounded.
There are monsters nearby!
You slash the very large slime creature!
The very large slime creature is heavily wounded.
Two slime creatures merge to form an enormous slime creature.
You slash the enormous slime creature!
The enormous slime creature is moderately wounded.
You slice the enormous slime creature!!
The enormous slime creature is heavily wounded.
The enormous slime creature hits you!!!
Unknown command.
You slice the enormous slime creature!!
The Singing Sword raves incoherently.
You send a blast of sound all around you.
The enormous slime creature is severely wounded. x2
You slice the enormous slime creature!!
The enormous slime creature is severely wounded.
The enormous slime creature hits you!!!
* * * LOW HITPOINT WARNING * * *
You are too injured to fight recklessly!
Unknown command.
You are too injured to fight recklessly!
You are too injured to fight recklessly!
You are too injured to fight recklessly!
The enormous slime creature attacks as you move away!
The enormous slime creature is struck by your spines.
The enormous slime creature hits you!!!
You die...
Your body crumbles into a pile of gold.

$ $ #
######..#
#.$@J...#
#.#####.#
#.# #.# #.#
#.# #.# #.#
#########.#


You could see an enormous slime creature.

Vanquished Creatures
  Jorgrun (D:14)
  Rupert (D:13)
  Kirke (D:14)
  An ironbound preserver (D:13)
  The ghost of AwFulAwFulPlayer the Spear-Bearer, a journeyman DsCK of Xom (D:9)
  Fannar (D:10)
  5 hydras
  6 centaur warriors
  A catoblepas (D:14)
  2 boulder beetles (D:12)
  6 two-headed ogres
  A tengu warrior (D:14)
  A fire crab (Volcano)
  A skyshark (Lair:4)
  2 wizards (D:14)
  The ghost of kiwi3s the Chopper, a novice MiBe of Trog (D:6)
  Pikel (D:8)
  7 deep elf pyromancers
  2 wolf spiders (Lair:3)
  A lindwurm (Volcano)
  An orc knight (Orc:2)
  10 ugly things
  3 manticores
  3 cyclopes
  9 elephants
  An oklob plant (Lair:2)
  2 ice statues (IceCv)
  A torpor snail (Lair:4)
  2 gargoyles (D:12)
  4 black mambas
  2 molten gargoyles (Volcano)
  Psyche (D:8)
  12 cane toads
  5 unseen horrors
  11 komodo dragons
  3 efreet
  3 rime drakes
  An anaconda simulacrum (IceCv)
  A tengu conjurer (D:14)
  A kobold demonologist (D:12)
  A freezing wraith (D:12)
  13 trolls
  6 hornets
  Grinder (D:3)
  2 burning bushes (Lair:4)
  6 polar bears
  6 dream sheep (Lair:5)
  12 slime creatures
  8 blink frogs
  Sigmund (D:5)
  15 spriggans (Lair:5)
  4 wraiths
  4 wyverns
  36 yaks
  2 shadows
  6 basilisks
  A human (D:14)
  13 fire bats (Volcano)
  2 vampires
  Eustachio (D:4)
  7 vampire mosquitoes
  3 steam dragons
  2 harpy simulacra
  16 water moccasins
  4 acid dragons
  2 hell hounds (Volcano)
  4 black bears
  20 orc warriors
  2 ice beasts (D:6)
  2 ogres
  35 wolves
  4 boggarts (Lair:5)
  4 lemures (D:8)
  5 centaurs
  A phantom (D:5)
  A kobold brigand (D:6)
  13 bullfrogs
  A gnoll sergeant (D:8)
  9 scorpions
  A cane toad simulacrum (IceCv)
  5 wights
  An elephant simulacrum (IceCv)
  7 killer bees
  4 howler monkeys
  6 lava snakes (Volcano)
  3 jellies
  3 hounds
  Crazy Yiuf (D:6)
  A gnoll bouda (D:7)
  12 orc priests
  2 sleepcaps
  2 hell rats (Lair:2)
  4 iguanas
  12 orc wizards
  9 gnolls
  8 river rats
  15 adders
  A shadow imp (D:7)
  2 white imps
  2 worms
  5 dart slugs
  73 orcs
  10 endoplasms
  4 giant cockroaches
  4 goblins
  5 hobgoblins
  4 jackals (D:4)
  3 quokkas
  5 ball pythons
  12 bats
  3 frilled lizards
  23 kobolds
  11 rats
657 creatures vanquished.

Notes
Turn   | Place    | Note
-------+----------+-------------------------------------------
     0 | D:1      | Maxmaps the Demonspawn Monk began the quest for the Orb.
     0 | D:1      | Reached XP level 1. HP: 18/18 MP: 1/1
   151 | D:1      | Found a faded altar of an unknown god.
   186 | D:1      | Gained mutation: You are partially covered in molten
                  | scales. (AC +2) [demonic ancestry]
   186 | D:1      | Reached XP level 2. HP: 24/24 MP: 2/2
   787 | D:2      | Reached XP level 3. HP: 31/31 MP: 3/3
  1107 | D:2      | Gained mutation: You are mostly covered in molten scales.
                  | (AC +3) [demonic ancestry]
  1107 | D:2      | Reached XP level 4. HP: 29/38 MP: 4/4
  1239 | D:2      | Reached skill level 5 in Fighting
  1609 | D:3      | Reached skill level 3 in Long Blades
  1795 | D:3      | Found a burning altar of Makhleb.
  1977 | D:3      | Noticed Grinder
  1977 | D:3      | Paralysed by Grinder for 3 turns
  2008 | D:3      | Killed Grinder
  2009 | D:3      | Reached skill level 5 in Long Blades
  2009 | D:3      | Gained mutation: You are partially covered in sharp spines.
                  | [demonic ancestry]
  2009 | D:3      | Reached XP level 5. HP: 32/44 MP: 5/5
  2009 | D:3      | Reached XP level 6. HP: 37/51 MP: 6/6
  2320 | D:4      | Reached skill level 1 in Armour
  2338 | D:4      | Found a radiant altar of Vehumet.
  2956 | D:4      | Reached XP level 7. HP: 55/56 MP: 7/7
  2999 | D:4      | Found the +11 Singing Sword {sonic wave}
  3242 | D:5      | Entered Level 5 of the Dungeon
  3242 | D:5      | Noticed Eustachio
  3242 | D:5      | Noticed Sigmund
  3264 | D:4      | Killed Eustachio
  3377 | D:5      | Killed Sigmund
  3378 | D:5      | Reached skill level 5 in Armour
  3512 | D:5      | Reached XP level 8. HP: 59/62 MP: 8/8
  3645 | D:5      | Found a shadowy altar of Dithmenos.
  3959 | D:5      | Identified the ring of Pyromania {rN+ Int+6}
  3978 | D:5      | Found a hazy altar of Hepliaklqana.
  4073 | D:5      | Identified the +1 ring mail of Lugonu {Slay+3}
  4226 | D:6      | Found a runed translucent door.
  4230 | D:6      | Noticed kiwi3s's ghost (novice MiBe)
  4260 | D:6      | Found a staircase to the Ecumenical Temple.
  4334 | Temple   | Entered the Ecumenical Temple
  4419 | Temple   | Became a worshipper of Gozag Ym Sagoz the Greedy
  4568 | D:6      | Found a shimmering blue altar of Sif Muna.
  4679 | D:6      | Found a runed translucent door.
  4713 | D:6      | Found a runed translucent door.
  4714 | D:6      | Noticed Crazy Yiuf
  4886 | D:6      | Reached XP level 9. HP: 41/68 MP: 9/9
  5381 | D:6      | Killed Crazy Yiuf
  5462 | D:6      | Reached skill level 10 in Armour
  6498 | D:7      | Found Xouzer's Assorted Antiques.
  6511 | D:7      | Bought a scroll labelled MEMISATOFU for 33 gold pieces
  6511 | D:7      | Bought a murky dark potion for 29 gold pieces
  6511 | D:7      | Bought 2 cyan potions for 59 gold pieces
  6636 | D:7      | Identified a scroll of acquirement
  6636 | D:7      | Acquired a +0 triple sword of flaming
  7266 | D:8      | Noticed Psyche
  7277 | D:8      | Killed Psyche
  7422 | D:8      | Reached skill level 6 in Long Blades
  7422 | D:8      | Reached XP level 10. HP: 70/74 MP: 10/10
  7500 | D:8      | Noticed Pikel
  7508 | D:8      | Killed Pikel
  7884 | D:8      | Reached skill level 7 in Long Blades
  7962 | D:9      | Found a shimmering altar of Xom.
  7963 | D:9      | Found a broken altar of Ashenzari.
  8056 | D:9      | Found an iron altar of Okawaru.
  8057 | D:9      | Found a sparkling altar of Nemelex Xobeh.
  8385 | D:9      | Reached skill level 8 in Long Blades
  8617 | D:9      | Found a runed translucent gate.
  8617 | D:9      | Found a runed translucent gate.
  8617 | D:9      | Noticed AwFulAwFulPlayer's ghost (journeyman DsCK)
  8617 | D:9      | Noticed a ten-headed hydra
  8618 | D:9      | Found a runed translucent gate.
  8904 | D:9      | Found an ornate altar of the Wu Jian Council.
  8904 | D:9      | Found a snail-covered altar of Cheibriados.
  8912 | D:9      | Found an ancient bone altar of Kikubaaqudgha.
  9138 | D:6      | Killed kiwi3s's ghost
  9139 | D:6      | Reached skill level 9 in Long Blades
  9275 | D:10     | Entered Level 10 of the Dungeon
  9328 | D:10     | Reached skill level 10 in Long Blades
  9420 | D:10     | Found a flagged portal.
  9449 | Bailey   | Entered a bailey
  9551 | Bailey   | Gained mutation: You may rarely emit foul miasma when
                  | damaged in melee. [demonic ancestry]
  9551 | Bailey   | Reached XP level 11. HP: 73/80 MP: 11/11
  9551 | Bailey   | Identified the +6 long sword "Racis" {venom, SInv}
  9918 | D:10     | Noticed a two-headed ogre
  9926 | D:10     | Killed a two-headed ogre
  9981 | D:10     | Noticed Fannar
  9985 | D:10     | Killed Fannar
  9986 | D:10     | Reached skill level 11 in Long Blades
 10366 | D:10     | Reached skill level 12 in Long Blades
 10668 | D:10     | Found a staircase to the Lair.
 10929 | D:11     | Found a frozen archway.
 10936 | IceCv    | Entered an ice cave
 10936 | IceCv    | Noticed a white ugly thing
 10944 | IceCv    | Killed a white ugly thing
 10945 | IceCv    | Found the +4 skin of Zhor {*Englaciate rC+++ SInv}
 10947 | IceCv    | Found a transporter.
 10979 | IceCv    | Noticed a white ugly thing
 10987 | IceCv    | Found a transporter.
 11030 | IceCv    | Killed a white ugly thing
 11410 | D:11     | Noticed a two-headed ogre
 11418 | D:11     | Killed a two-headed ogre
 11419 | D:11     | Reached skill level 13 in Long Blades
 11804 | D:11     | Reached skill level 1 in Shields
 12096 | D:11     | Found a staircase to the Orcish Mines.
 12110 | D:11     | Noticed a two-headed ogre
 12115 | D:11     | Killed a two-headed ogre
 12158 | D:11     | Reached XP level 12. HP: 68/86 MP: 12/12
 12787 | D:12     | Noticed a two-headed ogre
 12792 | D:12     | Killed a two-headed ogre
 12793 | D:12     | Noticed an eight-headed hydra
 12814 | D:12     | Killed a three-headed hydra
 12819 | D:12     | Reached skill level 14 in Long Blades
 13180 | D:12     | Noticed a centaur warrior
 13191 | D:12     | Killed a centaur warrior
 13295 | D:12     | Noticed a five-headed hydra
 13304 | D:12     | Killed a two-headed hydra
 13403 | D:12     | Reached skill level 15 in Long Blades
 13518 | D:12     | Noticed a centaur warrior
 13524 | D:12     | Killed a centaur warrior
 13906 | D:12     | Gained mutation: Your touch may inflict minor irresistible
                  | damage on your foes. [demonic ancestry]
 13906 | D:12     | Reached XP level 13. HP: 36/91 MP: 13/13
 14036 | D:12     | Reached skill level 16 in Long Blades
 14868 | Orc:1    | Entered Level 1 of the Orcish Mines
 15382 | Orc:2    | Entered Level 2 of the Orcish Mines
 15397 | Orc:2    | Found a runed translucent gate.
 15398 | Orc:2    | Found a runed translucent gate.
 15401 | Orc:2    | Noticed iguanaiguana's ghost (journeyman SpDe)
 15649 | Lair:1   | Entered Level 1 of the Lair of Beasts
 16437 | Lair:2   | Found a staircase to the Snake Pit.
 17123 | Lair:2   | Reached skill level 10 in Fighting
 17456 | Lair:3   | Found a dark tunnel.
 17471 | Volcano  | Entered a volcano
 17686 | Volcano  | Found a bloodstained altar of Trog.
 17756 | Volcano  | Gained mutation: You are mostly covered in sharp spines.
                  | [demonic ancestry]
 17756 | Volcano  | Reached XP level 14. HP: 83/115 MP: 14/14
 18170 | Lair:3   | Found a staircase to the Shoals.
 19573 | Lair:5   | Entered Level 5 of the Lair of Beasts
 19651 | Lair:5   | Found a viscous altar of Jiyva.
 19651 | Lair:5   | Found a staircase to the Slime Pits.
 19971 | Lair:5   | Reached skill level 15 in Fighting
 21125 | D:9      | Killed AwFulAwFulPlayer's ghost
 21139 | D:9      | Identified the +11 broad axe of Darkness {venom, rC++
                  | Int+3}
 21141 | D:9      | Identified the +5 shortbow of Teteo {freeze, Int+4}
 21430 | D:11     | Bought runed ice dragon scales for 1638 gold pieces
 21464 | D:11     | Bought a dented zirconium amulet for 135 gold pieces
 21464 | D:11     | Bought a short smoking staff for 324 gold pieces
 21499 | D:11     | Bought a scroll of identify for 32 gold pieces
 21565 | D:13     | Noticed Rupert
 21573 | D:13     | Killed Rupert
 21749 | D:13     | Gained mutation: Your touch may inflict irresistible damage
                  | on your foes. [demonic ancestry]
 21749 | D:13     | Reached XP level 15. HP: 129/129 MP: 15/15
 21886 | D:13     | Found a gate to the Vaults.
 22504 | D:14     | Found Dopuamem's Antique Armour Emporium.
 22508 | D:14     | Noticed Kirke
 22806 | D:14     | Killed Kirke
 22927 | D:14     | Noticed Jorgrun
 22939 | D:14     | Killed Jorgrun
 23200 | D:15     | Entered Level 15 of the Dungeon
 23222 | D:15     | Slain by an enormous slime creature

Illustrated notes

Levels and vault maps discovered:
D:1:      dpeg_arrival_short_road, layout_basic,
          hellmonk_ecumenical_altar_pennies_from_heaven
D:2:      layout_basic, minmay_quadrilaterals
D:3:      layout_loops_ring, amcnicky_altar_gilded, hangedman_glass_teeth,
          minmay_bisected, uniq_grinder
D:4:      old_forge, layout_basic, vehumet_altar_wand_db
D:5:      layout_rooms, mainiacjoe_overflow_alcove_1, lemuel_tele_altar,
          uniq_eustachio, uniq_sigmund
D:6:      kennysheep_six_static_rooms, layout_basic,
          mainiacjoe_overflow_boulevard, minmay_temple_entry_grid,
          ebering_ghost_sewer_f, uniq_crazy_yiuf_cottage
D:7:      layout_cave_pods, serial_shops, shop
D:8:      layout_loops_ring, uniq_pikel, uniq_psyche
D:9:      layout_loops_ring, nicolae_overflow_hallway_of_the_gods,
          gammafunk_ghost_hydra_chop, solitary_fountain
D:10:     layout_roguey, erik_lair_dragon, enter_bailey_4, uniq_fannar
D:11:     layout_irregular_city, david_orc_5, portal_ice_cave_entry_pillars_2
D:12:     minmay_spiral_squares, layout_irregular_city
D:13:     layout_irregular_city, skrybe_vaults_entry_preservation, uniq_rupert
D:14:     layout_irregular_city, serial_shops, nicolae_shop_tiny_waterfront,
          uniq_kirke, uniq_jorgrun
D:15:     grunt_enter_depths_magical_seal, layout_loops_ring,
          cheibrodos_ashenzari_chains
Temple:   dpeg_three_leaves_temple
Lair:1:   layout_misc_corridors, grunt_megastairs_2
Lair:2:   layout_cave_shapes, dummy_snake_entry, st_stairs_7,
          kennysheep_rathole, grunt_megastairs_5
Lair:3:   layout_loops_ring, elwin_shoals_entry_rocks, enter_volcano_1,
          nicolae_lair_run_with_the_wolves
Lair:4:   layout_cellular_growth, evilmike_ambush
          [evilmike_ambush_outer_corners, evilmike_ambush_inner_basic]
Lair:5:   minmay_lair_end_enchanted_forest, layout_loops_ring, slime_entry_1
Orc:1:    layout_caves, nicolae_orc_lost_temple
Orc:2:    pf_orc_diabolical, layout_caves, gammafunk_ghost_split, basic_altar,
          minmay_orc_temple_b, uniq_saint_roka

Skill      XL: |  1  2  3  4  5  6  7  8  9 10 11 12 13 14 15 |
---------------+----------------------------------------------+-----
Fighting       | 4 5 12 15 | 15.1
Long Blades    | 5 6 10 13 15 16 | 16.1
Armour         | 2 5 9 11 12 14 | 14.2
Shields        | 3 4 |  4.2
Dodging        | |  2.7

Action                     |  1- 3 |  4- 6 |  7- 9 | 10-12 | 13-15 || total
---------------------------+-------+-------+-------+-------+-------++-------
  Melee: Falchion          |    75 |    96 |   242 |    18 |       ||   431
         Unarmed           |       |       |    17 |       |       ||    17
         Triple sword      |       |       |    39 |    59 |       ||    98
         Double sword      |       |       |       |   331 |   657 ||   988
         Punch             |       |       |       |     2 |       ||     2
         Scimitar          |       |       |       |       |    17 ||    17
 Invoke: Potion Petition   |       |       |     1 |       |       ||     1
         Call Merchant     |       |       |       |       |     4 ||     4
  Evoke: Wand              |       |       |       |       |     1 ||     1
    Use: Potion            |       |     2 |       |     4 |     2 ||     8
         Scroll            |       |       |    19 |     4 |     9 ||    32
   Stab: Distracted        |       |       |     1 |     3 |    10 ||    14
 Armour: Robe              |    24 |       |       |       |       ||    24
         Chain mail        |     5 |    61 |   168 |   125 |   111 ||   470
         Animal skin       |       |       |       |    20 |       ||    20
         Scale mail        |       |       |       |    91 |   110 ||   201
         Ice dragon scales |       |       |       |       |    85 ||    85
  Dodge: Dodged            |    26 |    27 |   168 |   239 |   249 ||   709
  Block: Buckler           |       |       |       |    37 |   128 ||   165

Table legend: (Time is in decaauts)
 A = Elapsed time spent in this place.
 B = Non-inter-level travel time spent in this place.
 C = Inter-level travel time spent in this place.
 D = Time resting spent in this place.
 E = Time spent auto-exploring this place.
 F = Levels seen in this place.
 G = Mean time per level.
                   A        B        C        D        E       F      G
               +--------+--------+--------+--------+--------+-----+--------+
         Total |  23144 |  21142 |   2002 |   2479 |  14304 |  26 |  890.2 |
       Dungeon |  16487 |  14747 |   1740 |   2218 |   9783 |  15 | 1099.1 |
        Temple |     93 |     67 |     26 |      0 |     58 |   1 |   93.0 |
          Lair |   4691 |   4509 |    182 |      3 |   3692 |   5 |  938.2 |
  Orcish Mines |    655 |    602 |     53 |      2 |    494 |   2 |  327.5 |
        Bailey |    428 |    428 |      0 |      0 |    183 |   1 |  428.0 |
      Ice Cave |    446 |    446 |      0 |    233 |      0 |   1 |  446.0 |
       Volcano |    342 |    342 |      0 |     23 |     92 |   1 |  342.0 |
               +--------+--------+--------+--------+--------+-----+--------+

Top non-repeatable levels by time:
    D:12: 2281 daAuts
     D:6: 1585 daAuts
     D:7: 1481 daAuts
    D:10: 1436 daAuts
     D:9: 1375 daAuts
    D:11: 1224 daAuts
     D:4: 1179 daAuts
  Lair:5: 1120 daAuts
     D:8: 1051 daAuts
  Lair:4: 1038 daAuts
     D:5: 911 daAuts
  Lair:2: 891 daAuts
  Lair:3: 870 daAuts
    D:14: 847 daAuts
     D:2: 794 daAuts
